 Dungeon Crawl Stone Soup version 0.20-a0-1111-g4e342e6 (webtiles) character file.

3775 HereIgoKillingAgain the Charlatan (level 9, 0/75 HPs)
             Began as a Pale Draconian Transmuter on May 6, 2017.
             Hit by a javelin of returning thrown by a centaur (5 damage)
             ... in a bailey.
             The game lasted 00:15:37 (8540 turns).

HereIgoKillingAgain the Charlatan (DrTm)            Turns: 8540, Time: 00:15:37

Health: 0/75       AC:  8    Str: 16    XL:     9   Next: 95%
Magic:  7/17       EV: 14    Int: 16    God:
Gold:   546        SH:  0    Dex: 12    Spells: 6/18 levels left

rFire    . . .     SeeInvis .   s - +6 long sword (elec)
rCold    . . .     Gourm    .   (no shield)
rNeg     . . .     Faith    .   (armour unavailable)
rPois    .         Spirit   .   (helmet restricted)
rElec    .         Reflect  .   e - scarf {repulsion}
rCorr    .         Harm     .   n - +0 pair of gloves {Str+3}
MR       .....                  (no boots)
Stlth    +.........             o - amulet of rage
Regen    0.3/turn               (no ring)
MPRegen  0.2/turn               (no ring)

@: very slightly contaminated, repel missiles
A: breathe steam, unfitting armour, cold-blooded, AC +7
a: Breathe Steam, Evoke Berserk Rage


You were in a bailey.
You were very hungry.

You visited 1 branch of the dungeon, and saw 7 of its levels.
You also visited: Bailey.

You collected 546 gold pieces.

Inventory:

Hand Weapons
 s - a +6 long sword of electrocution (weapon)
Missiles
 a - 130 arrows
Armour
 e - a scarf of repulsion (worn)
 n - a +0 pair of gloves of strength (worn)
Jewellery
 o - an amulet of rage (around neck)
Wands
 r - a wand of iceblast (11/15)
 F - a wand of polymorph (17/24)
 G - a wand of digging (10/24)
Scrolls
 f - 5 scrolls of remove curse
 g - 4 scrolls of magic mapping
 h - 2 scrolls of enchant armour
 j - 2 scrolls of amnesia
 k - 2 scrolls of teleportation
 u - a scroll of immolation {unknown}
 y - a scroll of random uselessness {unknown}
 C - 2 scrolls of holy word {unknown}
 J - a scroll of fear {unknown}
Potions
 q - 3 potions of mutation
 t - a potion of brilliance {unknown}
 v - 2 potions of lignification {unknown}
 x - a potion of haste {unknown}
 B - 3 potions of magic {unknown}
 E - a potion of degeneration {unknown}
Books
 b - a book of Changes

   Spells                             Type                      Level
   a - Beastly Appendage              Transmutation                1
   b - Sticks to Snakes               Transmutation                2
   c - Spider Form                    Transmutation/Poison         3
   d - Ice Form                       Ice/Transmutation            4
   e - Blade Hands                    Transmutation                5
 A - a book of Conjurations

   Spells                             Type                      Level
   a - Magic Dart                     Conjuration                  1
   b - Searing Ray                    Conjuration                  2
   c - Dazzling Spray                 Conjuration/Hexes            3
   d - Fulminant Prism                Conjuration/Hexes            4
   e - Force Lance                    Conjuration/Translocation    4
   f - Iskenderun's Mystic Blast      Conjuration                  4
Comestibles
 c - 5 bread rations
 w - 2 meat rations


   Skills:
 + Level 6.2 Fighting
 + Level 5.3 Dodging
 + Level 6.4 Unarmed Combat
 + Level 5.3 Spellcasting
 + Level 6.1 Transmutations
 * Level 7.1 Evocations


You had 6 spell levels left.
You knew the following spells:

 Your Spells              Type           Power        Failure   Level  Hunger
a - Beastly Appendage     Tmut           ###...       1%          1    None
b - Sticks to Snakes      Tmut           ###.....     1%          2    #......
c - Ice Form              Ice/Tmut       ##......     38%         4    ####...
d - Blade Hands           Tmut           ###.......   32%         5    ######.


Dungeon Overview and Level Annotations

Branches:
Dungeon (7/15)             Temple (0/1) D:5

Altars:
Trog


Innate Abilities, Weirdness & Mutations

You can breathe blasts of scalding, opaque steam.
Your pale cyan-grey scales are hard. (AC +7)
You cannot fit into any form of body armour.
You are cold-blooded and may be slowed by cold attacks.


Message History

You feel better. The centaur hits you with a halberd!
* * * LOW HITPOINT WARNING * * *
The orc barely misses you.
Okay, then.
Okay, then.
Blink to where?
Press: ? - help, Dir - move target cursor You are very lightly contaminated with residual magic.
As you read the scroll labeled FODAXTUNUTA, it crumbles to dust.
It was a scroll of blinking.
The centaur throws a javelin of returning.
The javelin of returning is repelled.
You see here a javelin of returning.
The centaur throws a javelin of returning.
The javelin of returning hits you.
* * * LOW HITPOINT WARNING * * *
The weapon returns to the centaur!
The centaur throws a javelin of returning.
The javelin of returning hits you.
You die...

≈≈≈... ##...#≈≈≈≈o≈≈≈..... ..≈≈≈.
#...#≈≈≈≈.≈....... ≈≈..≈≈
#...#≈≈≈.≈≈.⌠.........⌠.≈ .≈≈≈.≈
#⌠..#≈≈≈)≈............... ≈..≈≈.
##..#≈≈)≈≈....≈≈≈≈≈≈≈.... ≈≈≈.≈.
#..#####(..≈≈≈≈≈≈≈≈≈≈≈.. ..≈.≈≈
#..'.))...≈≈≈≈≈≈≈≈≈≈≈≈≈. ..≈c..
#..).)).(.≈≈≈≈≈!):≈≈≈≈≈. ..≈.≈≈.
#..)..)@..≈≈≈≈≈≈≈≈≈≈≈≈≈o ≈≈≈.≈c≈
#..#####...≈≈≈≈≈≈≈≈≈≈≈§. ≈..≈≈.≈
##..#≈≈.≈≈....≈≈≈≈≈≈≈.... .≈≈≈.≈≈
#⌠..#≈≈≈.≈.(..c.......... ≈≈..≈≈.
#...#≈≈≈.≈≈(⌠)........⌠.≈ c.≈≈≈.⌠
#...#≈≈≈≈.≈.............≈
≈≈≈....##)..#≈≈≈≈.≈≈≈.........≈≈≈
...#####)...#≈≈≈≈≈..≈≈≈.....≈≈≈..
####⌠.......#≈≈≈≈≈≈≈))≈≈≈≈≈≈≈..≈≈


You could see a centaur.

Vanquished Creatures
  A two-headed ogre (D:7)
  Grinder (D:3)
  The ghost of cortexin the Covert, an amateur OpAs (D:5)
  9 orc warriors (Bailey)
  A sky beast (D:6)
  9 centaurs
  Blork the orc (D:4)
  A bullfrog (D:6)
  4 killer bees (D:7)
  A howler monkey (D:4)
  A bullfrog zombie (D:5)
  A hound (D:5)
  A centaur skeleton (D:4)
  4 orc priests
  6 orc wizards
  2 bullfrog skeletons (D:6)
  An iguana (D:7)
  Natasha (twice) (D:2)
  6 worker ants
  Robin (D:2)
  6 adders
  2 oozes (D:3)
  An adder skeleton (D:4)
  6 worms
  2 dart slugs (D:3)
  3 leopard geckos
  35 orcs
  3 ball pythons
  7 giant cockroaches
  14 goblins
  9 hobgoblins
  7 jackals
  10 kobolds
  A quokka (D:2)
  9 bats
  6 frilled lizards
  A quokka skeleton (D:5)
  3 rats (D:1)
179 creatures vanquished.

Vanquished Creatures (collateral kills)
  An adder (D:2)
  A leopard gecko (D:3)
  2 orcs
4 creatures vanquished.

Vanquished Creatures (others)
  Natasha (D:2)
  A giant cockroach (D:1)
  A rat (D:1)
3 creatures vanquished.

Grand Total: 186 creatures vanquished

Notes
Turn   | Place    | Note
-------+----------+-------------------------------------------
     0 | D:1      | HereIgoKillingAgain the Draconian Transmuter began the quest for the Orb.
     0 | D:1      | Reached XP level 1. HP: 16/16 MP: 3/3
   279 | D:1      | Reached XP level 2. HP: 21/23 MP: 5/5
  1062 | D:2      | Learned a level 2 spell: Sticks to Snakes
  1398 | D:2      | Reached XP level 3. HP: 11/28 MP: 0/6
  1777 | D:2      | Noticed Robin
  1846 | D:2      | Killed Robin
  1846 | D:2      | Reached XP level 4. HP: 8/36 MP: 7/7
  2508 | D:2      | Noticed Natasha
  2518 | D:2      | Killed Natasha
  2532 | D:2      | Noticed Natasha
  2546 | D:2      | Killed Natasha
  3091 | D:3      | Reached XP level 5. HP: 41/41 MP: 9/9
  3332 | D:3      | Noticed Grinder
  3341 | D:3      | Paralysed by Grinder for 2 turns
  3358 | D:2      | Noticed Natasha
  3465 | D:2      | Killed Natasha
  3609 | D:3      | Paralysed by Grinder for 6 turns
  3619 | D:3      | Killed Grinder
  3619 | D:3      | Reached XP level 6. HP: 13/51 MP: 2/10
  3972 | D:3      | Found a bloodstained altar of Trog.
  4060 | D:3      | Learned a level 4 spell: Ice Form
  4305 | D:4      | Noticed Blork the orc
  4497 | D:4      | Killed Blork the orc
  4497 | D:4      | Reached skill level 1 in Evocations
  4563 | D:4      | Your scales start taking on a pale cyan-grey colour.
  4563 | D:4      | Reached XP level 7. HP: 35/57 MP: 12/12
  4683 | D:4      | Reached skill level 2 in Evocations
  5004 | D:5      | Entered Level 5 of the Dungeon
  5045 | D:5      | Noticed cortexin's ghost (amateur OpAs)
  5057 | D:5      | Killed cortexin's ghost
  5057 | D:5      | Reached skill level 3 in Evocations
  5057 | D:5      | Reached XP level 8. HP: 31/66 MP: 12/14
  5068 | D:5      | Reached skill level 5 in Unarmed Combat
  5489 | D:5      | Found a staircase to the Ecumenical Temple.
  5774 | D:6      | Reached skill level 4 in Evocations
  6712 | D:7      | Reached skill level 5 in Transmutations
  6713 | D:7      | Reached skill level 5 in Fighting
  6713 | D:7      | Reached skill level 5 in Evocations
  6754 | D:7      | Noticed a two-headed ogre
  6760 | D:7      | Killed a two-headed ogre
  6760 | D:7      | Reached XP level 9. HP: 60/74 MP: 14/16
  6767 | D:7      | Learned a level 5 spell: Blade Hands
  6918 | D:7      | Found a flagged portal.
  6928 | Bailey   | Entered a bailey
  7233 | Bailey   | Reached skill level 6 in Evocations
  7536 | Bailey   | Reached skill level 5 in Dodging
  7647 | Bailey   | Reached skill level 5 in Spellcasting
  7971 | Bailey   | Reached skill level 7 in Evocations
  8540 | Bailey   | Hit by a javelin of returning thrown by a centaur

Vault maps used:
D:1:      shiori_arrival_elements
D:2:      uniq_robin, uniq_natasha
D:3:      marbit_many_paths, first_bread, uniq_grinder
D:4:      uniq_blork_the_orc
D:5:      temple_statues
D:7:      enter_bailey_2, kennysheep_generic_room_14
Bailey:   bailey_polearm_flooded_kennysheep, bailey

Skill      XL: |  1  2  3  4  5  6  7  8  9 |
---------------+----------------------------+-----
Dodging        | 2 3 4 5 |  5.3
Fighting       | 2 3 4 5 6 |  6.2
Transmutations | 3 4 5 6 |  6.1
Unarmed Combat | 4 5 6 |  6.4
Spellcasting   | 3 4 5 |  5.3
Evocations     | 1 3 5 7 |  7.1

Action                   |  1- 3 |  4- 6 |  7- 9 || total
-------------------------+-------+-------+-------++-------
Melee: Unarmed           |   142 |   194 |       ||   336
       Tailslap          |     9 |    23 |    22 ||    54
       Punch             |     3 |     1 |     3 ||     7
       Headbutt          |     7 |     3 |       ||    10
       Kick              |       |    17 |       ||    17
       Long sword        |       |    24 |   186 ||   210
 Cast: Sticks to Snakes  |     5 |    12 |    18 ||    35
       Beastly Appendage |     6 |    16 |       ||    22
 Abil: Breathe Steam     |       |       |    14 ||    14
Evoke: Wand              |       |     6 |     8 ||    14
  Use: Scroll            |     6 |     5 |    13 ||    24
       Potion            |     1 |     1 |     6 ||     8
 Stab: Invisible         |     5 |       |       ||     5
       Sleeping          |       |     1 |       ||     1
  Eat: Chunk             |     3 |     3 |     2 ||     8
       Meat ration       |       |     1 |     1 ||     2
       Bread ration      |       |     1 |     1 ||     2
Armor: Skin              |    39 |    79 |    67 ||   185
Dodge: Dodged            |   116 |   179 |   265 ||   560
       Deflected         |     4 |     4 |    29 ||    37
       Rpst.: Long sword |       |     3 |    54 ||    57
